 Dungeon Crawl Stone Soup version 0.29-a0-319-gad05b8d819 (webtiles) character file.

Game seed: 17274259465442875286

104 chopper the Conjurer (level 4, 0/24 HPs)
             Began as a Deep Elf Conjurer on Apr 2, 2022.
             Slain by a scorpion (3 damage)
             ... on level 4 of the Dungeon.
             The game lasted 00:23:48 (3392 turns).

chopper the Conjurer (Deep Elf Conjurer)            Turns: 3392, Time: 00:23:48

Health: 0/24       AC:  3    Str:  6    XL:     4   Next: 52%
Magic:  4/12       EV: 12    Int: 23    God:
Gold:   127        SH:  0    Dex: 13    Spells: 1/11 levels left

rFire   . . .      SeeInvis .   g - +1 dagger (venom)
rCold   . . .      Faith    .   (no shield)
rNeg    . . .      Spirit   .   a - +0 robe
rPois   .          Reflect  .   (no helmet)
rElec   .          Harm     .   (no cloak)
rCorr   .          Rampage  .   u - +0 pair of gloves
Will    .....                   (no boots)
Stlth   ++........              (no amulet)
HPRegen 0.08/turn               (no ring)
MPRegen 0.13/turn               (no ring)

@: lethally poisoned (0 -> -11)
A: no striking features
a: no special abilities


You were on level 4 of the Dungeon.
You visited 1 branch of the dungeon, and saw 4 of its levels.

You collected 127 gold pieces.

Inventory:

Hand Weapons
 c - a +0 whip
 g - a +1 dagger of venom (weapon)
Missiles
 h - 4 poisoned darts
Armour
 a - a +0 robe (worn)
 u - a +0 pair of gloves (worn)
Magical Staves
 s - a staff of poison
Wands
 q - a wand of digging (8)
Scrolls
 e - a scroll of teleportation {unknown}
 f - 3 scrolls of fog {unknown}
 i - a scroll of immolation {unknown}
 j - a scroll of amnesia {unknown}
 k - 2 scrolls of noise {unknown}
 n - a scroll of holy word {unknown}
 p - a scroll of vulnerability {unknown}
 t - a scroll of identify {unknown}
Potions
 b - a potion of magic
 d - 3 potions of degeneration {unknown}
 l - 4 potions of curing
 m - a potion of heal wounds {unknown}
 o - a potion of lignification {unknown}
 r - 2 potions of attraction {unknown}


   Skills:
 + Level 2.8 Dodging
 + Level 3.3 Stealth
 + Level 4.4 Spellcasting
 + Level 5.4 Conjurations


You had one spell level left.
You knew the following spells:

 Your Spells              Type           Power      Damage    Failure   Level
a - Magic Dart            Conj           100%       1d8       1%          1
b - Searing Ray           Conj           60%        2d6       1%          2
c - Dazzling Flash        Conj/Hex       34%        N/A       10%         3
d - Iskenderun's Mystic   Conj/Tloc      17%        2d5       32%         4

Your spell library contained the following spells:

 Spells                   Type           Power      Damage    Failure   Level
 Fulminant Prism          Conj/Hex       8%         3d7       32%         4


Dungeon Overview and Level Annotations

Branches:
Dungeon (4/15)
 Temple: D:4-7

Altars:

Shops:
D:3 *


Message History

Press: ? - help, Q - select action, (/) - cycle Shift-Dir - straight line, f - you
Okay, then.
Aiming: Searing Ray (safe; 1% risk of failure)
Press: ? - help, Q - select action, (/) - cycle Shift-Dir - straight line, f - scorpion
Aim: a scorpion (asleep, 100% to hit)
The searing ray hits the scorpion!
The scorpion is heavily wounded. (Press . to maintain the ray.)
The searing ray hits the scorpion.
The scorpion is severely wounded.
The searing ray hits the scorpion.
The scorpion is severely wounded.
The scorpion stings you.
You are poisoned.
The scorpion poisons you!
The searing ray hits the scorpion.
The scorpion is almost dead.
You finish channelling your searing ray.
You feel very sick. The scorpion stings you.
You are lethally poisoned!
The scorpion poisons you!
You feel very sick. The scorpion closely misses you.
Aiming: Searing Ray (safe; 1% risk of failure)
Press: ? - help, Q - select action, (/) - cycle Shift-Dir - straight line, f/p - scorpion
Aim: a scorpion (severely wounded, 79% to hit)
The searing ray hits the scorpion but does no damage.
The scorpion is severely wounded. (Press . to maintain the ray.)
* * * LOW HITPOINT WARNING * * *
You feel very sick. The scorpion stings you.
* * * LOW HITPOINT WARNING * * *
The searing ray hits the scorpion but does no damage.
The scorpion is severely wounded.
* * * LOW HITPOINT WARNING * * *
You feel very sick. The scorpion stings you.
You die...

######
#....###
.....
##s#####
#<.@...#
#.####.#
#>...#.#
####.#.#
### #.#.#
##.## #.#.#
#.).# #.#.#
##.####.#.#
#......#


You could see a scorpion.

Vanquished Creatures
  Jessica (D:3)
  2 adders
  A worm (D:3)
  3 dart slugs
  4 endoplasms
  2 giant cockroaches (D:1)
  6 goblins
  4 hobgoblins
  4 jackals
  4 kobolds
  3 quokkas
  7 ball pythons
  3 bats
  4 rats (D:1)
48 creatures vanquished.

Notes
Turn   | Place    | Note
-------+----------+-------------------------------------------
     0 | D:1      | chopper the Deep Elf Conjurer began the quest for the Orb.
     0 | D:1      | Reached XP level 1. HP: 10/10 MP: 6/6
    18 | D:1      | Found a faded altar of an unknown god.
   164 | D:1      | Reached XP level 2. HP: 13/15 MP: 5/8
   550 | D:1      | Reached skill level 5 in Conjurations
   761 | D:1      | Learned a level 2 spell: Searing Ray
   995 | D:1      | Reached XP level 3. HP: 17/19 MP: 6/9
  1251 | D:2      | Learned a level 3 spell: Dazzling Flash
  2281 | D:3      | Noticed Jessica
  2303 | D:3      | Killed Jessica
  2304 | D:3      | Reached XP level 4. HP: 24/24 MP: 2/12
  2725 | D:3      | Found Tamowop's General Store.
  3165 | D:3      | Learned a level 4 spell: Iskenderun's Mystic Blast
  3381 | D:4      | Noticed a scorpion
  3392 | D:4      | Slain by a scorpion

Illustrated notes

Levels and vault maps discovered:
D:1:      minmay_arrival_three_doors, layout_rooms,
          ebering_ecumenical_altar_petrified, serial_curves, eino_curves_01,
          eino_curves_03, hex_intersection
D:2:      layout_loops_ring, roderic_lattice_a, minmay_misc_feat_four_crosses,
          grunt_ministairs_3, kennysheep_generic_room_13
D:3:      layout_rooms, serial_shops, nicolae_shop_statue_plus,
          minmay_misc_feat_encased, glass_columns_b, uniq_jessica
D:4:      layout_basic, ebering_ghost_sewer_d, nicolae_shop_fire_sale
          [nicolae_sub_dead_trees], nrook_loot_triangle, uniq_pargi

Skill      XL: |  1  2  3 |
---------------+----------+-----
Conjurations   | 5 |  5.4
Stealth        | 3 |  3.3
Spellcasting   | 4 |  4.4
Dodging        | |  2.8

Action                   |  1- 3 |  4- 6 || total
-------------------------+-------+-------++-------
Melee: Dagger            |    10 |     2 ||    12
 Cast: Magic Dart        |    57 |       ||    57
       Searing Ray       |     9 |    10 ||    19
  Use: Potion            |     2 |       ||     2
Armor: Robe              |    12 |     3 ||    15
Dodge: Dodged            |    35 |     7 ||    42

Table legend: (Time is in decaauts)
 A = Elapsed time spent in this place.
 B = Non-inter-level travel time spent in this place.
 C = Inter-level travel time spent in this place.
 D = Time resting spent in this place.
 E = Time spent auto-exploring this place.
 F = Levels seen in this place.
 G = Mean time per level.
                   A        B        C        D        E       F      G
               +--------+--------+--------+--------+--------+-----+--------+
         Total |   3393 |   3393 |      0 |    700 |      0 |   4 |  848.2 |
       Dungeon |   3393 |   3393 |      0 |    700 |      0 |   4 |  848.2 |
               +--------+--------+--------+--------+--------+-----+--------+

Top non-repeatable levels by time:
     D:2: 1164 daAuts
     D:1: 1098 daAuts
     D:3: 1079 daAuts
     D:4: 51 daAuts
